 Dungeon Crawl Stone Soup version 0.31-a0-152-g6aa68a64a1 (webtiles) character file.

Game seed: 10205401315454221265

97 Elmgren the Shooter (level 4, -1/28 HPs)
             Began as a Gargoyle Hunter on June 10, 2023.
             Slain by a gnoll
             ... wielding a +0 flail
              (6 damage)
             ... on level 3 of the Dungeon.
             The game lasted 00:04:47 (1658 turns).

Elmgren the Shooter (Gargoyle Hunter)               Turns: 1658, Time: 00:04:47

Health: -1/28      AC:  7    Str: 15    XL:     4   Next: 68%
Magic:  4/4        EV: 13    Int:  9    God:
Gold:   102        SH:  0    Dex: 21    Spells: 3/3 levels left

rFire   . . .        a - +0 shortbow
rCold   . . .        (shield currently unavailable)
rNeg    + . .        c - +1 leather armour
rPois   ∞            (no helmet)
rElec   +            (no cloak)
rCorr   .            (no gloves)
SInv    .            (no boots)
Will    .....        (no amulet)
Stlth   ++           i - +6 ring of dexterity
HPRegen 0.24/turn    (no ring)
MPRegen 0.09/turn

%: no passive effects
@: no status effects
A: sickness immunity, AC +3, negative energy resistance 1, electricity
resistance, torment resistance 1, petrification resistance
a: no special abilities


You were on level 3 of the Dungeon.
You visited 1 branch of the dungeon, and saw 3 of its levels.

You collected 102 gold pieces.

Inventory:

Hand Weapons
 a - a +0 shortbow (weapon)
Armour
 c - a +1 leather armour (worn)
Jewellery
 i - a +6 ring of dexterity (left hand)
Wands
 j - a wand of polymorph (12)
Scrolls
 b - a scroll of butterflies
 g - 2 scrolls of identify
 h - a scroll of poison
Potions
 d - 2 potions of brilliance {unknown}
 e - a potion of berserk rage {unknown}
 l - a potion of heal wounds {unknown}


   Skills:
 + Level 3.5 Fighting
 + Level 4.7 Ranged Weapons
 + Level 2.5 Dodging
 - Level 1.1 Stealth


You had 3 spell levels left.
You didn't know any spells.
Your spell library contained the following spells:

 Spells                   Type           Power      Damage    Failure   Level
 Apportation              Tloc           0%         N/A       45%         1
 Necrotise                Necr           0%         1d4       45%         1
 Summon Small Mammal      Summ           0%         N/A       45%         1
 Call Canine Familiar     Summ           0%         N/A       83%         3
 Summon Guardian Golem    Hex/Summ       0%         N/A       83%         3


Dungeon Overview and Level Annotations

Branches:
Dungeon (3/15)

Altars:
Sif Muna


Innate Abilities, Weirdness & Mutations

You are immune to sickness and miasma.
Your stone body is resilient. (AC +3)
You are immune to poison.
You resist negative energy. (rN+)
You are resistant to electric shocks. (rElec)
You are resistant to unholy torment.
You are immune to petrification.


Message History

You shoot an arrow. The arrow hits the gnoll.
The gnoll is lightly wounded.
The gnoll barely misses you. The endoplasm freezes you.
You are frozen.
The endoplasm freezes you.
You are frozen.
The gnoll closely misses you.
There are monsters nearby!
You shoot an arrow. The arrow barely misses the gnoll.
The gnoll misses you. The endoplasm freezes you.
You are frozen.
There are monsters nearby!
You are too injured to fight recklessly!
There are monsters nearby!
You are too injured to fight recklessly!
There are monsters nearby!
You are too injured to fight recklessly!
There are monsters nearby!
There are monsters nearby!
The gnoll attacks as you move away! The gnoll closely misses you.
The endoplasm attacks as you move away! The endoplasm closely misses you.
You shoot an arrow.
The arrow hits the gnoll but does no damage.
The gnoll is lightly wounded.
The gnoll closely misses you. The endoplasm closely misses you.
There are monsters nearby!
You shoot an arrow. The arrow hits the gnoll.
The gnoll is lightly wounded.
The gnoll hits you with a +0 flail!
* * * LOW HITPOINT WARNING * * *
The endoplasm barely misses you.
There are monsters nearby!
You are too injured to fight recklessly!
There are monsters nearby!
The gnoll attacks as you move away! The gnoll hits you with a +0 flail.
* * * LOW HITPOINT WARNING * * *
You shoot an arrow. The arrow hits the gnoll!
The gnoll is almost dead.
The gnoll hits you with a +0 flail.
You die...

#....#
#....#
#)...#
#.)..#
#....#
#....#
#....#
#gJ..#
#@...#
#....#
#....#
#....#
#....#
#....#
#....#
##....#
#.....#


You could see a gnoll and an endoplasm.

Vanquished Creatures
  An adder (D:2)
  2 gnolls (D:3)
  A dart slug (D:2)
  7 ball pythons
  6 bats
  4 endoplasms
  4 giant cockroaches
  A goblin (D:2)
  7 hobgoblins
  3 jackals (D:1)
  4 quokkas (D:1)
  5 frilled lizards
  10 kobolds
  8 rats
63 creatures vanquished.

Notes
Turn   | Place    | Note
-------+----------+-------------------------------------------
     0 | D:1      | Elmgren the Gargoyle Hunter began the quest for the Orb.
     0 | D:1      | Reached XP level 1. HP: 12/12 MP: 1/1
   118 | D:1      | Reached XP level 2. HP: 12/18 MP: 2/2
   536 | D:1      | Reached XP level 3. HP: 22/22 MP: 3/3
  1000 | D:2      | Reached XP level 4. HP: 25/28 MP: 4/4
  1046 | D:2      | Found a faded altar of an unknown god.
  1527 | D:3      | Found a shimmering blue altar of Sif Muna.
  1658 | D:3      | Slain by a gnoll

Illustrated notes

Levels and vault maps discovered:
D:1:      lightli_arrival_isolated_outpost, layout_loops_ring,
          lexackson_kobold_supper
D:2:      layout_rooms, basic_ecumenical_altar
D:3:      layout_basic, lemuel_round_altar, nemelex_xobeh_ov_fountains_minmay,
          ebering_ghost_disaster_area

Skill      XL: |  1  2  3 |
---------------+----------+-----
Dodging        | 2 |  2.5
Fighting       | 3 |  3.5
Ranged Weapons | |  4.7
Stealth        | |  1.1

Action                     |  1- 3 |  4- 6 || total
---------------------------+-------+-------++-------
   Fire: Shortbow          |   155 |    62 ||   217
    Use: Scroll            |       |     5 ||     5
 Armour: Leather armour    |    33 |     8 ||    41
  Dodge: Dodged            |    72 |    13 ||    85

Table legend: (Time is in decaauts)
 A = Elapsed time spent in this place.
 B = Non-inter-level travel time spent in this place.
 C = Inter-level travel time spent in this place.
 D = Time resting spent in this place.
 E = Time spent auto-exploring this place.
 F = Levels seen in this place.
 G = Mean time per level.
                   A        B        C        D        E       F      G
               +--------+--------+--------+--------+--------+-----+--------+
         Total |   1710 |   1664 |     46 |      0 |   1251 |   3 |  570.0 |
       Dungeon |   1710 |   1664 |     46 |      0 |   1251 |   3 |  570.0 |
               +--------+--------+--------+--------+--------+-----+--------+

Top non-repeatable levels by time:
     D:1: 904 daAuts
     D:2: 567 daAuts
     D:3: 238 daAuts
